[ AOE2 MATCH · #478038281 ]
UnrankedHindustanis vs Vikings
[ REPLAY ANALYSIS · EXTRACTED FROM THE RECORDED GAME ]
Feudal
10:55
Castle
14:51
Imperial
31:33
| APM avg | 49.1 |
| APM peak | 88 |
| eAPM avg | 25.9 |
| Villagers / military | 156 / 127 |
Focus
⚔️ 31.9% · 🌾 68.1%
Hand Cannoneer ×63 · Cavalry Archer ×27 · Camel Scout ×25 · Trade Cart ×8 · Scout Cavalry ×4 · Trebuchet (Packed) ×4
Feudal
11:21
Castle
14:55
Imperial
26:54
| APM avg | 53.0 |
| APM peak | 79 |
| eAPM avg | 28.1 |
| Villagers / military | 131 / 61 |
Focus
⚔️ 29.3% · 🌾 70.7%
Fishing Ship ×54 · Cavalry Archer ×39 · Trebuchet (Packed) ×16 · Monk ×3 · Mangonel ×3
Feudal
9:23
Castle
21:23
Imperial
35:01
| APM avg | 61.3 |
| APM peak | 110 |
| eAPM avg | 24.0 |
| Villagers / military | 88 / 56 |
Focus
⚔️ 37.9% · 🌾 62.1%
Archer ×52 · Battering Ram ×3 · Fishing Ship ×2 · Mangonel ×1
Feudal
11:09
Castle
17:15
Imperial
—
| APM avg | 57.9 |
| APM peak | 123 |
| eAPM avg | 30.6 |
| Villagers / military | 131 / 70 |
Focus
⚔️ 28.6% · 🌾 71.4%
Boyar ×63 · Petard ×7
Feudal
11:39
Castle
15:16
Imperial
30:47
| APM avg | 50.3 |
| APM peak | 98 |
| eAPM avg | 23.5 |
| Villagers / military | 126 / 22 |
Focus
⚔️ 31.1% · 🌾 68.9%
Steppe Lancer ×8 · Bombard Cannon ×6 · Fire Lancer ×5 · Iron Pagoda ×3 · Unknown (1911) ×2
Feudal
12:48
Castle
16:26
Imperial
30:36
| APM avg | 29.2 |
| APM peak | 76 |
| eAPM avg | 22.1 |
| Villagers / military | 155 / 77 |
Focus
⚔️ 27.3% · 🌾 72.7%
Kamayuk ×74 · Unknown (2550) ×4 · Petard ×2 · Monk ×1
Feudal
11:23
Castle
14:53
Imperial
34:46
| APM avg | 42.5 |
| APM peak | 68 |
| eAPM avg | 20.5 |
| Villagers / military | 134 / 35 |
Focus
⚔️ 28.6% · 🌾 71.4%
Hand Cannoneer ×21 · Mangonel ×8 · Conquistador ×3 · Bombard Cannon ×2 · Trebuchet (Packed) ×1
Feudal
13:38
Castle
17:11
Imperial
38:31
| APM avg | 42.9 |
| APM peak | 113 |
| eAPM avg | 23.8 |
| Villagers / military | 106 / 13 |
Focus
⚔️ 36.3% · 🌾 63.7%
Mangonel ×8 · Monk ×3 · Battering Ram ×2
Match map
Initial resources + every placement click. Lines = walls · curves = elevation contours. ◆ gold · ⬟ stone · ● berries · ✦ relic · ◌ wall gap
Your base· ✓ Closed at 14:51 · 2t walls · no gate
CorsoLa's base· ✓ Closed at 14:55 · 3t walls · no gate
Bourne2Believe's base· ✓ Closed at 21:23 · 28t walls · 1 gate(s)
lion_'s base· ✓ Closed at 17:15 · 7t walls · fragile
36's base· ✓ Closed at 15:16 · 35t walls · fragile
sidewire's base· ✓ Closed at 16:26 · 45t walls · fragile
Yakul's base· ✓ Closed at 14:53 · 5t walls · fragile
ceepki's base· ✓ Closed at 17:11 · 38t walls · 1 gate(s)
Smoothed initial terrain · ◌ = detected wall gap · hover for details
Inputs per minute
— noah!!!!!!!!!! - - CorsoLa
Build order — noah!!!!!!!!!!
First 150 of 498 actions detected
| 0:00 | Create | Villager (Male) |
| 0:00 | Create | Villager (Male) |
| 0:01 | Create | Villager (Male) |
| 0:01 | Create | Villager (Male) |
| 0:02 | Build | House |
| 0:03 | Build | House |
| 1:22 | Create | Villager (Male) |
| 1:49 | Create | Villager (Male) |
| 1:49 | Create | Villager (Male) |
| 1:50 | Create | Villager (Male) |
| 2:11 | Create | Villager (Male) |
| 2:15 | Build | Lumber Camp |
| 2:40 | Create | Villager (Male) |
| 2:55 | Create | Villager (Male) |
| 3:00 | Build | House |
| 3:40 | Create | Villager (Male) |
| 4:09 | Create | Villager (Male) |
| 4:09 | Create | Villager (Male) |
| 4:22 | Create | Villager (Male) |
| 4:42 | Build | Mill |
| 4:45 | Create | Villager (Male) |
| 4:45 | Create | Villager (Male) |
| 5:08 | Create | Villager (Male) |
| 5:27 | Build | House |
| 5:28 | Build | House |
| 5:49 | Create | Villager (Male) |
| 6:12 | Create | Villager (Male) |
| 6:22 | Create | Villager (Male) |
| 6:24 | Create | Villager (Male) |
| 6:49 | Build | Palisade Wall |
| 6:50 | Build | Palisade Wall |
| 7:32 | Create | Villager (Male) |
| 7:37 | Build | Mining Camp |
| 8:28 | Research | Feudal Age |
| 8:28 | Research | Feudal Age |
| 9:37 | Create | Villager (Male) |
| 9:37 | Create | Villager (Male) |
| 10:46 | Build | Barracks |
| 10:55 | Age | Feudal Age |
| 10:56 | Create | Villager (Male) |
| 11:07 | Build | Blacksmith |
| 11:25 | Build | House |
| 11:31 | Build | Archery Range |
| 11:49 | Research | Double-Bit Axe |
| 12:06 | Research | Castle Age |
| 12:07 | Research | Castle Age |
| 12:15 | Build | House |
| 12:29 | Research | Horse Collar |
| 13:06 | Build | Farm |
| 13:08 | Build | Farm |
| 13:53 | Research | Gold Mining |
| 14:40 | Create | Villager (Male) |
| 14:49 | Research | Fletching |
| 14:51 | Age | Castle Age |
| 14:54 | Build | Monastery |
| 14:55 | Create | Cavalry Archer |
| 15:01 | Build | Town Center |
| 15:12 | Create | Cavalry Archer |
| 15:12 | Create | Villager (Male) |
| 15:19 | Research | Bow Saw |
| 15:20 | Research | Bow Saw |
| 15:20 | Create | Villager (Male) |
| 15:21 | Create | Cavalry Archer |
| 15:23 | Create | Villager (Male) |
| 15:34 | Build | Farm |
| 15:42 | Create | Monk |
| 15:46 | Create | Cavalry Archer |
| 15:53 | Build | Farm |
| 15:53 | Create | Villager (Male) |
| 16:11 | Build | Farm |
| 16:13 | Create | Cavalry Archer |
| 16:36 | Create | Villager (Male) |
| 16:40 | Create | Villager (Male) |
| 16:41 | Build | Farm |
| 16:49 | Create | Cavalry Archer |
| 16:51 | Create | Villager (Male) |
| 16:55 | Build | Farm |
| 16:59 | Build | Farm |
| 17:14 | Create | Villager (Male) |
| 17:24 | Create | Monk |
| 17:25 | Create | Villager (Male) |
| 17:25 | Create | Villager (Male) |
| 17:39 | Create | Villager (Male) |
| 17:41 | Build | Farm |
| 17:42 | Build | Farm |
| 17:43 | Build | Farm |
| 17:46 | Create | Cavalry Archer |
| 17:56 | Create | Villager (Male) |
| 18:00 | Create | Cavalry Archer |
| 18:05 | Create | Villager (Male) |
| 18:22 | Create | Villager (Male) |
| 18:22 | Create | Villager (Male) |
| 18:24 | Create | Cavalry Archer |
| 18:29 | Create | Cavalry Archer |
| 18:34 | Create | Villager (Male) |
| 18:36 | Create | Cavalry Archer |
| 18:39 | Build | Town Center |
| 18:43 | Create | Villager (Male) |
| 18:44 | Create | Cavalry Archer |
| 18:44 | Create | Cavalry Archer |
| 18:53 | Create | Villager (Male) |
| 18:55 | Build | Farm |
| 18:55 | Build | Farm |
| 18:55 | Build | Farm |
| 18:55 | Build | Farm |
| 18:56 | Build | Farm |
| 19:01 | Create | Villager (Male) |
| 19:07 | Create | Villager (Male) |
| 19:08 | Create | Cavalry Archer |
| 19:18 | Build | House |
| 19:18 | Build | House |
| 19:20 | Build | House |
| 19:21 | Build | House |
| 19:28 | Build | Farm |
| 19:30 | Create | Villager (Male) |
| 19:38 | Create | Villager (Male) |
| 19:40 | Create | Villager (Male) |
| 19:57 | Create | Villager (Male) |
| 20:00 | Create | Villager (Male) |
| 20:04 | Build | Mining Camp |
| 20:05 | Create | Villager (Male) |
| 20:08 | Build | Farm |
| 20:08 | Build | Farm |
| 20:08 | Build | Farm |
| 20:09 | Build | Farm |
| 20:09 | Build | Farm |
| 20:12 | Create | Villager (Male) |
| 20:20 | Create | Villager (Male) |
| 20:21 | Create | Villager (Male) |
| 20:23 | Create | Villager (Male) |
| 20:36 | Create | Villager (Male) |
| 20:40 | Build | Farm |
| 20:49 | Create | Villager (Male) |
| 20:52 | Create | Villager (Male) |
| 20:54 | Build | Farm |
| 20:55 | Build | Farm |
| 20:55 | Build | Farm |
| 20:57 | Build | Farm |
| 20:57 | Build | Farm |
| 20:59 | Build | House |
| 21:01 | Build | House |
| 21:01 | Build | House |
| 21:08 | Create | Villager (Male) |
| 21:13 | Create | Villager (Male) |
| 21:15 | Build | Farm |
| 21:17 | Create | Villager (Male) |
| 21:28 | Create | Villager (Male) |
| 21:32 | Create | Cavalry Archer |
| 21:32 | Create | Cavalry Archer |
| 21:40 | Create | Villager (Male) |
Build order — CorsoLa
First 150 of 431 actions detected
| 0:00 | Create | Villager (Male) |
| 0:01 | Build | House |
| 0:02 | Build | House |
| 0:05 | Create | Villager (Male) |
| 0:06 | Create | Villager (Male) |
| 0:06 | Create | Villager (Male) |
| 1:10 | Create | Villager (Male) |
| 1:47 | Create | Villager (Male) |
| 1:47 | Create | Villager (Male) |
| 1:49 | Build | Lumber Camp |
| 2:17 | Create | Villager (Male) |
| 2:17 | Create | Villager (Male) |
| 2:38 | Create | Villager (Male) |
| 3:03 | Create | Villager (Male) |
| 3:30 | Create | Villager (Male) |
| 3:53 | Build | House |
| 3:55 | Build | Dock |
| 3:58 | Create | Villager (Male) |
| 4:20 | Create | Villager (Male) |
| 4:41 | Create | Villager (Male) |
| 5:02 | Create | Fishing Ship |
| 5:12 | Build | House |
| 5:13 | Build | House |
| 5:26 | Create | Villager (Male) |
| 5:29 | Create | Villager (Male) |
| 5:45 | Create | Fishing Ship |
| 5:52 | Build | House |
| 6:00 | Create | Villager (Male) |
| 6:05 | Create | Villager (Male) |
| 6:05 | Create | Villager (Male) |
| 6:23 | Create | Fishing Ship |
| 6:32 | Build | House |
| 6:45 | Create | Villager (Male) |
| 6:46 | Create | Fishing Ship |
| 6:52 | Create | Villager (Male) |
| 7:37 | Create | Villager (Male) |
| 7:43 | Create | Villager (Male) |
| 7:46 | Create | Fishing Ship |
| 7:53 | Create | Villager (Male) |
| 8:14 | Create | Villager (Male) |
| 8:28 | Create | Fishing Ship |
| 8:31 | Build | Mining Camp |
| 8:49 | Create | Fishing Ship |
| 8:55 | Build | House |
| 9:06 | Research | Feudal Age |
| 9:15 | Build | Lumber Camp |
| 9:26 | Create | Fishing Ship |
| 10:28 | Build | Mill |
| 10:45 | Create | Villager (Male) |
| 10:45 | Create | Villager (Male) |
| 10:50 | Create | Fishing Ship |
| 11:21 | Age | Feudal Age |
| 11:22 | Build | Blacksmith |
| 11:25 | Build | Market |
| 11:34 | Build | Palisade Wall |
| 11:35 | Build | Palisade Wall |
| 11:43 | Research | Double-Bit Axe |
| 12:15 | Research | Castle Age |
| 12:19 | Build | Palisade Wall |
| 12:47 | Build | Fish Trap |
| 12:49 | Research | Tech 906 |
| 12:57 | Build | Fish Trap |
| 13:16 | Create | Fishing Ship |
| 13:24 | Build | Fish Trap |
| 13:40 | Build | House |
| 13:41 | Build | House |
| 13:42 | Build | House |
| 13:44 | Build | House |
| 14:04 | Create | Fishing Ship |
| 14:35 | Create | Villager (Male) |
| 14:55 | Age | Castle Age |
| 14:56 | Build | Town Center |
| 14:59 | Build | Town Center |
| 15:01 | Research | Bow Saw |
| 15:12 | Build | Fish Trap |
| 15:13 | Create | Villager (Male) |
| 15:30 | Build | Fish Trap |
| 15:30 | Create | Villager (Male) |
| 15:39 | Create | Fishing Ship |
| 15:56 | Build | Fish Trap |
| 16:00 | Create | Villager (Male) |
| 16:02 | Create | Villager (Male) |
| 16:07 | Create | Villager (Male) |
| 16:11 | Create | Villager (Male) |
| 16:12 | Build | Dock |
| 16:17 | Create | Villager (Male) |
| 16:18 | Create | Villager (Male) |
| 16:18 | Create | Villager (Male) |
| 16:19 | Create | Villager (Male) |
| 16:26 | Build | House |
| 16:27 | Build | House |
| 16:28 | Build | House |
| 16:30 | Create | Villager (Male) |
| 16:37 | Build | Fish Trap |
| 16:41 | Create | Fishing Ship |
| 16:45 | Create | Fishing Ship |
| 16:52 | Create | Fishing Ship |
| 16:55 | Create | Villager (Male) |
| 16:57 | Build | Dock |
| 17:01 | Build | Fish Trap |
| 17:04 | Create | Villager (Male) |
| 17:14 | Create | Villager (Male) |
| 17:19 | Build | Fish Trap |
| 17:20 | Create | Fishing Ship |
| 17:20 | Create | Fishing Ship |
| 17:29 | Build | Fish Trap |
| 17:30 | Create | Villager (Male) |
| 17:38 | Create | Villager (Male) |
| 17:46 | Build | House |
| 17:46 | Build | House |
| 17:51 | Create | Fishing Ship |
| 17:52 | Create | Fishing Ship |
| 17:58 | Create | Villager (Male) |
| 18:04 | Build | Fish Trap |
| 18:04 | Create | Villager (Male) |
| 18:07 | Build | Fish Trap |
| 18:08 | Create | Fishing Ship |
| 18:21 | Build | Dock |
| 18:24 | Build | Fish Trap |
| 18:25 | Create | Villager (Male) |
| 18:27 | Create | Fishing Ship |
| 18:35 | Build | Fish Trap |
| 18:41 | Create | Fishing Ship |
| 18:43 | Build | Fish Trap |
| 18:48 | Build | Fish Trap |
| 18:49 | Create | Villager (Male) |
| 18:49 | Create | Villager (Male) |
| 18:52 | Create | Fishing Ship |
| 18:52 | Create | Fishing Ship |
| 18:58 | Create | Villager (Male) |
| 18:58 | Create | Villager (Male) |
| 18:58 | Create | Villager (Male) |
| 19:01 | Build | House |
| 19:04 | Build | Fish Trap |
| 19:07 | Create | Fishing Ship |
| 19:09 | Create | Villager (Male) |
| 19:15 | Build | House |
| 19:17 | Build | House |
| 19:25 | Build | Fish Trap |
| 19:25 | Create | Villager (Male) |
| 19:27 | Build | Fish Trap |
| 19:28 | Create | Fishing Ship |
| 19:28 | Create | Fishing Ship |
| 19:32 | Research | Gillnets |
| 19:33 | Create | Villager (Male) |
| 19:39 | Build | Fish Trap |
| 19:42 | Build | House |
| 19:43 | Build | House |
| 19:47 | Create | Villager (Male) |
| 19:47 | Create | Villager (Male) |
Build order — Bourne2Believe
First 150 of 265 actions detected
| 0:01 | Create | Villager (Male) |
| 0:01 | Create | Villager (Male) |
| 0:02 | Build | House |
| 0:04 | Build | House |
| 0:07 | Create | Villager (Male) |
| 0:26 | Create | Villager (Male) |
| 1:17 | Research | Loom |
| 1:25 | Create | Villager (Male) |
| 1:37 | Build | Palisade Wall |
| 1:55 | Build | Palisade Wall |
| 2:02 | Create | Villager (Male) |
| 2:02 | Create | Villager (Male) |
| 2:25 | Build | Lumber Camp |
| 2:27 | Create | Villager (Male) |
| 2:56 | Create | Villager (Male) |
| 2:56 | Create | Villager (Male) |
| 3:21 | Create | Villager (Male) |
| 3:41 | Create | Villager (Male) |
| 4:02 | Create | Villager (Male) |
| 4:14 | Build | House |
| 4:16 | Create | Villager (Male) |
| 4:36 | Create | Villager (Male) |
| 5:00 | Create | Villager (Male) |
| 5:00 | Create | Villager (Male) |
| 5:42 | Build | Mill |
| 6:19 | Build | House |
| 6:33 | Build | Palisade Wall |
| 6:42 | Create | Villager (Male) |
| 7:13 | Research | Feudal Age |
| 8:01 | Build | Barracks |
| 9:23 | Age | Feudal Age |
| 9:27 | Build | Archery Range |
| 9:35 | Create | Villager (Male) |
| 9:39 | Create | Villager (Male) |
| 10:03 | Create | Archer |
| 10:16 | Build | House |
| 10:20 | Create | Archer |
| 10:21 | Create | Villager (Male) |
| 10:34 | Build | Mining Camp |
| 10:44 | Build | House |
| 11:01 | Create | Villager (Male) |
| 11:04 | Research | Double-Bit Axe |
| 11:11 | Create | Archer |
| 11:32 | Create | Villager (Male) |
| 11:39 | Create | Villager (Male) |
| 11:56 | Create | Archer |
| 12:02 | Build | Blacksmith |
| 12:24 | Create | Archer |
| 12:26 | Create | Villager (Male) |
| 12:30 | Create | Villager (Male) |
| 12:33 | Build | House |
| 12:58 | Research | Fletching |
| 13:00 | Build | House |
| 13:05 | Create | Archer |
| 13:12 | Build | House |
| 13:23 | Build | Stone Wall |
| 13:29 | Build | House |
| 13:34 | Create | Archer |
| 13:35 | Create | Villager (Male) |
| 13:42 | Build | House |
| 13:59 | Create | Villager (Male) |
| 14:03 | Build | Gate |
| 14:12 | Create | Villager (Male) |
| 14:16 | Create | Archer |
| 14:29 | Research | Horse Collar |
| 14:47 | Create | Villager (Male) |
| 14:49 | Create | Archer |
| 15:14 | Create | Villager (Male) |
| 15:18 | Build | Farm |
| 15:18 | Build | Farm |
| 15:19 | Build | Farm |
| 15:21 | Build | Farm |
| 15:22 | Build | Farm |
| 15:22 | Build | Farm |
| 15:24 | Create | Villager (Male) |
| 15:38 | Create | Archer |
| 15:57 | Build | Lumber Camp |
| 16:01 | Create | Villager (Male) |
| 16:06 | Create | Archer |
| 16:22 | Build | Outpost |
| 16:43 | Create | Archer |
| 16:56 | Create | Villager (Male) |
| 17:16 | Create | Villager (Male) |
| 17:20 | Build | Market |
| 17:23 | Create | Villager (Male) |
| 17:25 | Build | Farm |
| 17:26 | Build | Farm |
| 17:53 | Build | Farm |
| 17:55 | Build | Farm |
| 17:58 | Build | House |
| 18:18 | Create | Villager (Male) |
| 18:39 | Research | Castle Age |
| 19:00 | Create | Archer |
| 19:03 | Build | Archery Range |
| 19:17 | Create | Archer |
| 19:19 | Research | Padded Archer Armor |
| 19:46 | Create | Archer |
| 19:53 | Research | Gold Mining |
| 20:24 | Create | Archer |
| 20:24 | Create | Archer |
| 20:34 | Create | Archer |
| 20:34 | Create | Archer |
| 20:48 | Build | House |
| 20:58 | Create | Villager (Male) |
| 21:23 | Age | Castle Age |
| 21:28 | Research | Crossbowman (upgrade) |
| 21:28 | Research | Crossbowman (upgrade) |
| 21:29 | Research | Bodkin Arrow |
| 21:29 | Research | Bodkin Arrow |
| 21:35 | Create | Archer |
| 21:42 | Build | House |
| 21:51 | Create | Villager (Male) |
| 21:55 | Research | Bow Saw |
| 21:55 | Research | Bow Saw |
| 21:58 | Build | University |
| 22:08 | Build | Palisade Wall |
| 22:09 | Build | Palisade Wall |
| 22:10 | Build | Palisade Wall |
| 22:25 | Create | Archer |
| 22:25 | Create | Archer |
| 22:43 | Build | Siege Workshop |
| 22:46 | Research | Ballistics |
| 22:47 | Create | Villager (Male) |
| 22:47 | Create | Villager (Male) |
| 22:55 | Create | Archer |
| 22:57 | Create | Archer |
| 22:58 | Create | Archer |
| 23:41 | Create | Villager (Male) |
| 23:45 | Create | Battering Ram |
| 23:45 | Create | Battering Ram |
| 23:58 | Create | Archer |
| 24:00 | Build | Archery Range |
| 25:11 | Create | Archer |
| 25:11 | Create | Archer |
| 25:12 | Create | Archer |
| 25:13 | Create | Archer |
| 25:13 | Create | Archer |
| 25:32 | Create | Archer |
| 25:32 | Create | Archer |
| 25:32 | Create | Archer |
| 25:35 | Build | Archery Range |
| 25:36 | Create | Villager (Male) |
| 25:36 | Create | Villager (Male) |
| 25:36 | Create | Villager (Male) |
| 25:57 | Create | Villager (Male) |
| 26:03 | Create | Archer |
| 26:08 | Create | Archer |
| 26:10 | Create | Villager (Male) |
| 26:10 | Create | Villager (Male) |
| 26:25 | Build | Palisade Wall |
Build order — lion_
First 150 of 301 actions detected
| 0:02 | Create | Villager (Male) |
| 0:03 | Build | House |
| 0:04 | Build | House |
| 0:22 | Create | Villager (Male) |
| 0:22 | Create | Villager (Male) |
| 0:23 | Create | Villager (Male) |
| 1:27 | Create | Villager (Male) |
| 1:53 | Build | Lumber Camp |
| 1:53 | Create | Villager (Male) |
| 2:38 | Create | Villager (Male) |
| 2:38 | Create | Villager (Male) |
| 3:00 | Create | Villager (Male) |
| 3:01 | Create | Villager (Male) |
| 3:23 | Build | House |
| 3:26 | Create | Villager (Male) |
| 3:31 | Create | Villager (Male) |
| 4:22 | Create | Villager (Male) |
| 4:23 | Create | Villager (Male) |
| 4:23 | Create | Villager (Male) |
| 4:56 | Create | Villager (Male) |
| 4:56 | Create | Villager (Male) |
| 5:34 | Build | House |
| 5:38 | Build | House |
| 6:04 | Create | Villager (Male) |
| 6:04 | Create | Villager (Male) |
| 6:04 | Create | Villager (Male) |
| 6:06 | Create | Villager (Male) |
| 6:14 | Create | Villager (Male) |
| 6:20 | Build | House |
| 6:29 | Create | Villager (Male) |
| 6:29 | Create | Villager (Male) |
| 6:58 | Build | Palisade Wall |
| 7:30 | Build | Mill |
| 7:30 | Create | Villager (Male) |
| 7:58 | Create | Villager (Male) |
| 7:58 | Research | Loom |
| 8:53 | Research | Feudal Age |
| 9:07 | Build | Mining Camp |
| 9:25 | Build | Farm |
| 9:27 | Build | Farm |
| 10:31 | Build | Farm |
| 10:34 | Build | Farm |
| 10:54 | Build | Outpost |
| 11:09 | Age | Feudal Age |
| 11:10 | Create | Villager (Male) |
| 11:13 | Build | Market |
| 11:37 | Build | Watch Tower |
| 11:59 | Create | Villager (Male) |
| 12:34 | Create | Villager (Male) |
| 12:56 | Create | Villager (Male) |
| 13:07 | Build | House |
| 13:24 | Create | Villager (Male) |
| 13:51 | Create | Villager (Male) |
| 14:01 | Build | Blacksmith |
| 14:35 | Research | Castle Age |
| 14:37 | Build | Mining Camp |
| 14:44 | Build | House |
| 16:03 | Build | Farm |
| 16:05 | Build | Farm |
| 16:29 | Build | House |
| 16:31 | Build | House |
| 16:35 | Build | House |
| 16:41 | Build | House |
| 16:45 | Build | Palisade Wall |
| 17:02 | Build | Farm |
| 17:10 | Build | Farm |
| 17:10 | Build | Farm |
| 17:15 | Age | Castle Age |
| 17:18 | Build | Castle |
| 17:25 | Create | Villager (Male) |
| 17:34 | Build | Palisade Wall |
| 17:37 | Build | Palisade Wall |
| 17:38 | Build | Palisade Wall |
| 17:39 | Build | Palisade Wall |
| 18:00 | Create | Villager (Male) |
| 18:00 | Create | Villager (Male) |
| 18:01 | Create | Villager (Male) |
| 18:41 | Build | Farm |
| 18:52 | Create | Boyar |
| 18:52 | Create | Boyar |
| 19:08 | Build | Mining Camp |
| 19:44 | Create | Villager (Male) |
| 20:00 | Build | Farm |
| 20:13 | Build | Farm |
| 20:38 | Build | Farm |
| 20:50 | Create | Boyar |
| 20:50 | Create | Boyar |
| 20:54 | Build | Farm |
| 20:55 | Build | Farm |
| 21:17 | Create | Boyar |
| 22:16 | Create | Boyar |
| 22:17 | Create | Villager (Male) |
| 22:17 | Create | Villager (Male) |
| 22:17 | Create | Villager (Male) |
| 22:29 | Build | Farm |
| 22:32 | Build | Farm |
| 22:32 | Build | Farm |
| 22:32 | Build | Farm |
| 22:32 | Build | Farm |
| 22:47 | Create | Boyar |
| 22:55 | Create | Villager (Male) |
| 22:58 | Build | Farm |
| 23:02 | Build | Farm |
| 23:04 | Build | Outpost |
| 23:34 | Create | Boyar |
| 23:55 | Create | Boyar |
| 24:02 | Create | Villager (Male) |
| 24:02 | Create | Villager (Male) |
| 24:32 | Create | Boyar |
| 24:53 | Create | Villager (Male) |
| 24:54 | Create | Villager (Male) |
| 24:56 | Create | Boyar |
| 24:59 | Create | Villager (Male) |
| 25:00 | Create | Villager (Male) |
| 25:07 | Build | Farm |
| 25:17 | Create | Boyar |
| 25:32 | Create | Villager (Male) |
| 25:36 | Build | Farm |
| 25:40 | Create | Villager (Male) |
| 25:43 | Create | Boyar |
| 25:44 | Create | Villager (Male) |
| 25:44 | Create | Villager (Male) |
| 25:44 | Create | Villager (Male) |
| 25:59 | Create | Boyar |
| 26:06 | Build | Farm |
| 26:27 | Create | Boyar |
| 26:27 | Create | Boyar |
| 26:41 | Create | Boyar |
| 26:41 | Create | Boyar |
| 26:50 | Research | Scale Barding Armor |
| 26:50 | Research | Scale Barding Armor |
| 26:51 | Create | Villager (Male) |
| 26:51 | Create | Villager (Male) |
| 26:54 | Build | Farm |
| 26:55 | Build | Farm |
| 27:06 | Create | Boyar |
| 27:18 | Create | Villager (Male) |
| 27:22 | Build | Farm |
| 27:22 | Create | Boyar |
| 27:23 | Create | Boyar |
| 27:50 | Create | Boyar |
| 27:50 | Create | Boyar |
| 28:07 | Create | Villager (Male) |
| 28:07 | Create | Villager (Male) |
| 28:08 | Create | Villager (Male) |
| 28:08 | Create | Villager (Male) |
| 28:09 | Create | Boyar |
| 28:16 | Create | Villager (Male) |
| 28:23 | Create | Villager (Male) |
| 28:24 | Create | Villager (Male) |
Build order — 36
First 150 of 333 actions detected
| 0:02 | Create | Villager (Male) |
| 0:02 | Create | Villager (Male) |
| 0:02 | Create | Villager (Male) |
| 0:02 | Create | Villager (Male) |
| 0:04 | Build | House |
| 0:05 | Build | House |
| 0:45 | Build | Palisade Wall |
| 1:32 | Create | Villager (Male) |
| 1:50 | Create | Villager (Male) |
| 1:57 | Build | Palisade Wall |
| 1:58 | Build | Palisade Wall |
| 2:04 | Build | Palisade Wall |
| 2:04 | Build | Palisade Wall |
| 2:14 | Build | Palisade Wall |
| 2:21 | Build | Palisade Wall |
| 2:26 | Build | Palisade Wall |
| 2:30 | Build | Palisade Wall |
| 2:35 | Build | Palisade Wall |
| 2:38 | Create | Villager (Male) |
| 2:41 | Build | Lumber Camp |
| 2:51 | Create | Villager (Male) |
| 3:05 | Research | Loom |
| 3:15 | Create | Villager (Male) |
| 3:30 | Research | Loom |
| 3:46 | Create | Villager (Male) |
| 3:46 | Create | Villager (Male) |
| 4:03 | Build | Palisade Wall |
| 4:13 | Build | Palisade Wall |
| 4:15 | Build | Palisade Wall |
| 4:16 | Build | Palisade Wall |
| 4:19 | Create | Villager (Male) |
| 4:19 | Create | Villager (Male) |
| 4:28 | Build | Palisade Wall |
| 4:38 | Create | Villager (Male) |
| 4:46 | Build | Palisade Wall |
| 4:51 | Build | Palisade Wall |
| 4:52 | Build | Palisade Wall |
| 4:54 | Build | Palisade Wall |
| 5:07 | Create | Villager (Male) |
| 5:17 | Build | House |
| 5:20 | Create | Villager (Male) |
| 5:40 | Build | Palisade Wall |
| 5:58 | Build | Palisade Wall |
| 5:59 | Build | Palisade Wall |
| 6:06 | Build | Mill |
| 6:13 | Create | Villager (Male) |
| 6:13 | Create | Villager (Male) |
| 6:29 | Create | Villager (Male) |
| 6:31 | Build | House |
| 7:23 | Create | Villager (Male) |
| 7:49 | Create | Villager (Male) |
| 7:55 | Create | Villager (Male) |
| 8:47 | Create | Villager (Male) |
| 9:05 | Build | Mining Camp |
| 9:29 | Research | Feudal Age |
| 10:12 | Build | Barracks |
| 10:34 | Build | House |
| 11:23 | Create | Villager (Male) |
| 11:24 | Create | Villager (Male) |
| 11:39 | Age | Feudal Age |
| 11:40 | Build | Blacksmith |
| 11:42 | Build | Stable |
| 12:26 | Build | House |
| 12:36 | Research | Castle Age |
| 13:04 | Build | House |
| 13:04 | Build | House |
| 13:20 | Research | Double-Bit Axe |
| 15:06 | Create | Villager (Male) |
| 15:16 | Age | Castle Age |
| 15:18 | Build | Siege Workshop |
| 15:19 | Create | Steppe Lancer |
| 15:19 | Create | Steppe Lancer |
| 15:30 | Create | Villager (Male) |
| 15:38 | Build | Town Center |
| 15:44 | Create | Steppe Lancer |
| 15:58 | Create | Iron Pagoda |
| 16:00 | Build | House |
| 16:01 | Create | Villager (Male) |
| 16:23 | Create | Steppe Lancer |
| 16:30 | Build | House |
| 16:32 | Create | Villager (Male) |
| 16:53 | Create | Villager (Male) |
| 17:06 | Create | Iron Pagoda |
| 17:12 | Build | House |
| 17:13 | Build | House |
| 17:18 | Build | House |
| 17:46 | Create | Steppe Lancer |
| 18:17 | Create | Villager (Male) |
| 18:17 | Create | Villager (Male) |
| 18:32 | Create | Villager (Male) |
| 18:33 | Create | Villager (Male) |
| 18:46 | Create | Villager (Male) |
| 18:46 | Create | Villager (Male) |
| 18:56 | Build | Town Center |
| 19:04 | Create | Iron Pagoda |
| 19:27 | Create | Steppe Lancer |
| 19:27 | Create | Steppe Lancer |
| 19:49 | Create | Villager (Male) |
| 19:49 | Create | Villager (Male) |
| 19:50 | Create | Villager (Male) |
| 19:54 | Build | Farm |
| 19:54 | Build | Farm |
| 20:14 | Create | Steppe Lancer |
| 20:20 | Create | Villager (Male) |
| 20:25 | Build | Farm |
| 20:25 | Build | Farm |
| 20:26 | Build | Farm |
| 20:27 | Build | Farm |
| 20:27 | Build | Farm |
| 20:28 | Build | Farm |
| 20:54 | Create | Villager (Male) |
| 20:58 | Build | Farm |
| 20:59 | Build | Farm |
| 20:59 | Build | Farm |
| 21:30 | Create | Villager (Male) |
| 21:30 | Create | Villager (Male) |
| 21:41 | Create | Villager (Male) |
| 21:52 | Create | Villager (Male) |
| 21:55 | Build | Farm |
| 21:56 | Build | Farm |
| 21:57 | Build | Farm |
| 21:57 | Build | Farm |
| 21:58 | Build | Farm |
| 22:19 | Create | Villager (Male) |
| 22:20 | Create | Villager (Male) |
| 22:20 | Create | Villager (Male) |
| 22:22 | Build | Farm |
| 22:46 | Create | Villager (Male) |
| 22:46 | Create | Villager (Male) |
| 22:46 | Create | Villager (Male) |
| 22:55 | Build | Farm |
| 22:55 | Build | Farm |
| 23:03 | Create | Villager (Male) |
| 23:03 | Create | Villager (Male) |
| 23:09 | Create | Villager (Male) |
| 23:09 | Create | Villager (Male) |
| 23:13 | Build | Farm |
| 23:14 | Build | Farm |
| 23:15 | Build | Farm |
| 24:00 | Create | Villager (Male) |
| 24:00 | Create | Villager (Male) |
| 24:00 | Create | Villager (Male) |
| 24:06 | Create | Villager (Male) |
| 24:07 | Create | Villager (Male) |
| 24:07 | Create | Villager (Male) |
| 24:09 | Build | Farm |
| 24:21 | Create | Villager (Male) |
| 24:21 | Create | Villager (Male) |
| 24:21 | Create | Villager (Male) |
| 24:24 | Build | Farm |
Build order — sidewire
First 150 of 355 actions detected
| 0:01 | Create | Villager (Male) ×4 |
| 0:02 | Create | Villager (Male) ×4 |
| 0:03 | Build | House |
| 0:13 | Research | Loom |
| 0:13 | Research | Loom |
| 0:14 | Create | Villager (Male) |
| 0:14 | Create | Villager (Male) |
| 0:14 | Create | Villager (Male) |
| 0:14 | Create | Villager (Male) |
| 1:01 | Build | Palisade Wall |
| 1:35 | Build | Palisade Wall |
| 1:50 | Create | Villager (Male) |
| 1:50 | Create | Villager (Male) |
| 2:27 | Create | Villager (Male) |
| 2:27 | Create | Villager (Male) |
| 2:44 | Build | Settlement |
| 2:59 | Create | Villager (Male) |
| 2:59 | Create | Villager (Male) |
| 3:26 | Create | Villager (Male) |
| 3:27 | Create | Villager (Male) |
| 3:51 | Build | Palisade Wall |
| 3:53 | Build | Palisade Wall |
| 3:58 | Build | Palisade Wall |
| 3:59 | Build | Palisade Wall |
| 4:01 | Build | Palisade Wall |
| 4:03 | Build | Palisade Wall |
| 4:09 | Build | Palisade Wall |
| 4:12 | Build | Palisade Wall |
| 4:17 | Create | Villager (Male) |
| 4:18 | Create | Villager (Male) |
| 4:39 | Create | Villager (Male) |
| 4:39 | Create | Villager (Male) |
| 4:39 | Create | Villager (Male) |
| 4:56 | Build | Palisade Wall |
| 5:15 | Create | Villager (Male) |
| 5:15 | Create | Villager (Male) |
| 5:53 | Create | Villager (Male) |
| 6:50 | Create | Villager (Male) |
| 6:50 | Create | Villager (Male) |
| 6:50 | Create | Villager (Male) |
| 6:50 | Create | Villager (Male) |
| 7:02 | Build | Palisade Wall |
| 7:04 | Create | Villager (Male) |
| 7:04 | Create | Villager (Male) |
| 7:04 | Create | Villager (Male) |
| 7:14 | Build | Palisade Wall |
| 7:16 | Build | Palisade Wall |
| 7:16 | Build | Palisade Wall |
| 7:25 | Create | Villager (Male) |
| 7:25 | Create | Villager (Male) |
| 7:35 | Build | Palisade Wall |
| 7:44 | Build | House |
| 7:59 | Build | Palisade Wall |
| 8:20 | Create | Villager (Male) |
| 8:26 | Build | Settlement |
| 8:35 | Build | Palisade Wall |
| 8:36 | Build | Palisade Wall |
| 8:37 | Build | Palisade Wall |
| 8:43 | Create | Villager (Male) |
| 9:19 | Build | House |
| 9:21 | Create | Villager (Male) |
| 9:46 | Create | Villager (Male) |
| 10:13 | Create | Villager (Male) |
| 10:32 | Research | Feudal Age |
| 11:56 | Create | Villager (Male) |
| 11:56 | Create | Villager (Male) |
| 12:48 | Age | Feudal Age |
| 12:53 | Build | Market |
| 12:56 | Build | Blacksmith |
| 13:46 | Research | Castle Age |
| 13:46 | Research | Castle Age |
| 13:57 | Research | Double-Bit Axe |
| 13:57 | Research | Double-Bit Axe |
| 14:26 | Research | Horse Collar |
| 14:26 | Research | Horse Collar |
| 14:57 | Build | Stone Wall |
| 15:46 | Build | Outpost |
| 15:52 | Create | Villager (Male) |
| 15:52 | Create | Villager (Male) |
| 16:26 | Age | Castle Age |
| 16:31 | Build | Town Center |
| 16:37 | Build | Town Center |
| 16:43 | Research | Bow Saw |
| 16:43 | Research | Bow Saw |
| 16:50 | Build | Farm |
| 16:58 | Build | Farm |
| 17:04 | Build | Farm |
| 17:27 | Create | Villager (Male) |
| 17:27 | Create | Villager (Male) |
| 17:32 | Build | Farm |
| 17:54 | Build | Farm |
| 17:57 | Build | Farm |
| 18:03 | Create | Villager (Male) |
| 18:27 | Create | Villager (Male) |
| 18:28 | Create | Villager (Male) |
| 18:29 | Create | Villager (Male) |
| 18:30 | Create | Villager (Male) |
| 18:30 | Create | Villager (Male) |
| 18:30 | Create | Villager (Male) |
| 18:32 | Build | Farm |
| 18:32 | Build | Farm |
| 18:35 | Build | Farm |
| 18:40 | Build | Farm |
| 18:42 | Build | Farm |
| 18:52 | Build | Farm |
| 18:58 | Build | House |
| 19:08 | Research | Town Watch |
| 19:10 | Create | Villager (Male) |
| 19:13 | Build | Farm |
| 19:27 | Build | Settlement |
| 19:33 | Create | Villager (Male) |
| 19:33 | Create | Villager (Male) |
| 19:37 | Build | House |
| 19:52 | Create | Villager (Male) |
| 19:55 | Build | Farm |
| 19:56 | Build | Farm |
| 19:59 | Build | Farm |
| 20:05 | Create | Villager (Male) |
| 20:05 | Create | Villager (Male) |
| 20:09 | Build | Farm |
| 20:13 | Build | Farm |
| 20:15 | Build | Farm |
| 20:18 | Create | Villager (Male) |
| 20:19 | Create | Villager (Male) |
| 20:22 | Create | Villager (Male) |
| 20:22 | Create | Villager (Male) |
| 20:34 | Create | Villager (Male) |
| 20:37 | Build | Farm |
| 20:38 | Build | Farm |
| 20:44 | Create | Villager (Male) |
| 20:45 | Create | Villager (Male) |
| 20:50 | Build | Farm |
| 20:51 | Build | Farm |
| 20:52 | Build | Farm |
| 20:57 | Create | Villager (Male) |
| 20:57 | Create | Villager (Male) |
| 20:57 | Create | Villager (Male) |
| 21:03 | Create | Villager (Male) |
| 21:03 | Create | Villager (Male) |
| 21:03 | Create | Villager (Male) |
| 21:09 | Build | Farm |
| 21:13 | Create | Villager (Male) |
| 21:24 | Create | Villager (Male) |
| 21:25 | Create | Villager (Male) |
| 21:27 | Create | Villager (Male) |
| 21:27 | Create | Villager (Male) |
| 21:27 | Create | Villager (Male) |
| 21:38 | Build | Town Center |
| 21:40 | Create | Villager (Male) |
| 21:54 | Create | Villager (Male) |
Build order — Yakul
First 150 of 296 actions detected
| 0:02 | Create | Villager (Male) ×4 |
| 0:04 | Build | House |
| 0:05 | Build | House |
| 1:26 | Create | Villager (Male) |
| 1:59 | Create | Villager (Male) |
| 2:10 | Build | Lumber Camp |
| 2:17 | Create | Villager (Male) |
| 2:32 | Create | Villager (Male) |
| 3:12 | Build | House |
| 3:23 | Create | Villager (Male) |
| 3:37 | Create | Villager (Male) |
| 4:04 | Create | Villager (Male) |
| 4:14 | Create | Villager (Male) |
| 4:29 | Create | Villager (Male) |
| 4:43 | Build | Mill |
| 5:21 | Create | Villager (Male) |
| 5:47 | Create | Villager (Male) |
| 6:04 | Create | Villager (Male) |
| 6:22 | Create | Villager (Male) |
| 6:25 | Build | House |
| 6:54 | Create | Villager (Male) |
| 7:14 | Build | House |
| 7:22 | Create | Villager (Male) |
| 7:23 | Create | Villager (Male) |
| 7:44 | Build | Palisade Wall |
| 7:49 | Build | Palisade Wall |
| 7:52 | Build | Palisade Wall |
| 7:54 | Create | Villager (Male) |
| 8:01 | Build | Palisade Wall |
| 8:09 | Build | Palisade Wall |
| 8:33 | Build | Mining Camp |
| 8:35 | Create | Villager (Male) |
| 8:46 | Research | Feudal Age |
| 9:13 | Build | Mining Camp |
| 10:41 | Create | Villager (Male) |
| 10:41 | Create | Villager (Male) |
| 11:23 | Age | Feudal Age |
| 11:26 | Build | Market |
| 11:27 | Build | Blacksmith |
| 11:53 | Build | House |
| 12:02 | Research | Castle Age |
| 12:17 | Research | Double-Bit Axe |
| 13:48 | Create | Villager (Male) |
| 13:48 | Create | Villager (Male) |
| 14:08 | Research | Horse Collar |
| 14:11 | Build | Farm |
| 14:12 | Build | Farm |
| 14:13 | Build | Farm |
| 14:46 | Research | Loom |
| 14:47 | Create | Villager (Male) |
| 14:48 | Create | Villager (Male) |
| 14:53 | Age | Castle Age |
| 15:07 | Build | Castle |
| 15:16 | Research | Bow Saw |
| 15:19 | Build | Farm |
| 15:20 | Build | Farm |
| 15:37 | Create | Villager (Male) |
| 15:46 | Build | Siege Workshop |
| 16:11 | Build | Lumber Camp |
| 16:19 | Create | Mangonel |
| 16:22 | Build | House |
| 16:39 | Create | Villager (Male) |
| 16:50 | Build | House |
| 16:55 | Create | Villager (Male) |
| 17:06 | Create | Mangonel |
| 17:25 | Create | Villager (Male) |
| 17:42 | Create | Villager (Male) |
| 17:46 | Create | Villager (Male) |
| 18:07 | Create | Villager (Male) |
| 18:15 | Build | House |
| 18:21 | Build | Stone Wall |
| 18:28 | Create | Villager (Male) |
| 18:42 | Build | Stone Wall |
| 18:48 | Build | Stone Wall |
| 18:49 | Create | Villager (Male) |
| 19:18 | Create | Mangonel |
| 19:22 | Build | Lumber Camp |
| 19:35 | Build | House |
| 19:50 | Create | Villager (Male) |
| 20:02 | Create | Mangonel |
| 20:04 | Create | Villager (Male) |
| 20:17 | Build | Stone Wall |
| 20:28 | Build | Stone Wall |
| 20:45 | Create | Villager (Male) |
| 20:58 | Build | Stone Wall |
| 21:04 | Build | Town Center |
| 21:15 | Create | Villager (Male) |
| 21:27 | Create | Villager (Male) |
| 21:41 | Build | Farm |
| 21:42 | Build | Farm |
| 21:42 | Build | Farm |
| 21:52 | Create | Villager (Male) |
| 22:17 | Build | Farm |
| 22:18 | Build | Farm |
| 22:20 | Build | House |
| 22:22 | Build | House |
| 22:27 | Build | House |
| 22:27 | Build | House |
| 22:31 | Create | Villager (Male) |
| 22:34 | Build | Stone Wall |
| 22:38 | Build | Stone Wall |
| 22:40 | Build | Stone Wall |
| 22:41 | Create | Villager (Male) |
| 22:58 | Create | Villager (Male) |
| 23:16 | Build | Stone Wall |
| 23:23 | Build | Siege Workshop |
| 23:24 | Create | Villager (Male) |
| 23:36 | Create | Villager (Male) |
| 23:43 | Build | Lumber Camp |
| 23:48 | Create | Villager (Male) |
| 24:02 | Create | Villager (Male) |
| 24:02 | Create | Villager (Male) |
| 24:07 | Build | Town Center |
| 24:16 | Create | Villager (Male) |
| 24:31 | Create | Villager (Male) |
| 24:36 | Build | Farm |
| 24:38 | Build | Farm |
| 24:40 | Build | Farm |
| 24:41 | Build | Farm |
| 24:43 | Create | Villager (Male) |
| 24:58 | Build | House |
| 24:59 | Build | House |
| 25:01 | Create | Villager (Male) |
| 25:01 | Create | Villager (Male) |
| 25:27 | Create | Mangonel |
| 25:29 | Create | Villager (Male) |
| 25:30 | Create | Villager (Male) |
| 25:34 | Create | Villager (Male) |
| 25:36 | Build | Farm |
| 25:36 | Build | Farm |
| 25:37 | Build | Farm |
| 25:38 | Build | Farm |
| 25:43 | Build | Farm |
| 25:51 | Create | Villager (Male) |
| 25:58 | Create | Mangonel |
| 26:00 | Create | Villager (Male) |
| 26:25 | Create | Mangonel |
| 26:28 | Create | Villager (Male) |
| 26:28 | Create | Villager (Male) |
| 26:28 | Create | Villager (Male) |
| 26:35 | Build | Town Center |
| 26:40 | Create | Villager (Male) |
| 26:50 | Create | Mangonel |
| 26:53 | Create | Villager (Male) |
| 26:53 | Create | Villager (Male) |
| 27:13 | Create | Villager (Male) |
| 27:13 | Create | Villager (Male) |
| 27:16 | Build | Farm |
| 27:17 | Build | Farm |
| 27:22 | Create | Villager (Male) |
Build order — ceepki
First 150 of 251 actions detected
| 0:01 | Create | Villager (Male) |
| 0:01 | Create | Villager (Male) |
| 0:02 | Build | House |
| 0:03 | Build | House |
| 0:04 | Create | Villager (Male) |
| 0:06 | Create | Villager (Male) |
| 0:24 | Research | Loom |
| 0:24 | Create | Villager (Male) |
| 0:31 | Create | Villager (Male) |
| 1:49 | Create | Villager (Male) |
| 2:15 | Build | Lumber Camp |
| 2:23 | Build | Palisade Gate |
| 2:32 | Create | Villager (Male) |
| 3:08 | Build | Palisade Wall |
| 3:19 | Create | Villager (Male) |
| 3:19 | Create | Villager (Male) |
| 3:50 | Create | Villager (Male) |
| 4:20 | Build | Palisade Wall |
| 4:23 | Build | Palisade Wall |
| 4:35 | Create | Villager (Male) |
| 4:46 | Build | Palisade Gate |
| 4:49 | Build | Palisade Wall |
| 4:52 | Build | Palisade Wall |
| 5:01 | Create | Villager (Male) |
| 5:27 | Create | Villager (Male) |
| 5:42 | Create | Villager (Male) |
| 5:54 | Build | House |
| 6:06 | Create | Villager (Male) |
| 6:19 | Build | House |
| 6:42 | Build | Palisade Wall |
| 6:53 | Create | Villager (Male) |
| 7:05 | Create | Villager (Male) |
| 7:40 | Build | Mining Camp |
| 7:42 | Create | Villager (Male) |
| 7:44 | Create | Villager (Male) |
| 7:59 | Create | Villager (Male) |
| 8:00 | Create | Villager (Male) |
| 9:19 | Create | Villager (Male) |
| 9:30 | Build | Palisade Wall |
| 9:37 | Build | Palisade Wall |
| 9:41 | Create | Villager (Male) |
| 9:52 | Build | Mill |
| 9:58 | Create | Villager (Male) |
| 10:21 | Create | Villager (Male) |
| 10:31 | Build | House |
| 10:53 | Create | Villager (Male) |
| 11:12 | Research | Feudal Age |
| 11:21 | Build | Lumber Camp |
| 13:10 | Create | Villager (Male) |
| 13:12 | Create | Villager (Male) |
| 13:38 | Age | Feudal Age |
| 13:40 | Build | Market |
| 13:41 | Build | Blacksmith |
| 13:56 | Build | Mining Camp |
| 14:26 | Build | Watch Tower |
| 14:31 | Research | Castle Age |
| 14:47 | Build | Farm |
| 14:52 | Create | Villager (Male) |
| 15:06 | Research | Fletching |
| 15:44 | Create | Villager (Male) |
| 16:11 | Create | Villager (Male) |
| 16:25 | Build | Watch Tower |
| 16:33 | Build | Stone Wall |
| 16:56 | Create | Villager (Male) |
| 16:59 | Build | Outpost |
| 17:01 | Research | Town Watch |
| 17:02 | Create | Villager (Male) |
| 17:11 | Age | Castle Age |
| 17:39 | Create | Villager (Male) |
| 17:50 | Research | Bodkin Arrow |
| 17:50 | Research | Bodkin Arrow |
| 18:06 | Build | House |
| 18:26 | Create | Villager (Male) |
| 18:48 | Build | House |
| 19:02 | Build | Siege Workshop |
| 19:02 | Create | Villager (Male) |
| 19:47 | Create | Villager (Male) |
| 20:02 | Create | Mangonel |
| 20:55 | Create | Mangonel |
| 21:08 | Create | Villager (Male) |
| 21:11 | Build | Farm |
| 21:12 | Build | Farm |
| 21:13 | Build | Farm |
| 21:33 | Create | Battering Ram |
| 21:42 | Create | Mangonel |
| 22:10 | Create | Villager (Male) |
| 22:18 | Create | Mangonel |
| 22:54 | Create | Villager (Male) |
| 23:05 | Build | Farm |
| 23:06 | Build | Farm |
| 23:07 | Build | Farm |
| 23:09 | Create | Villager (Male) |
| 23:32 | Create | Mangonel |
| 23:38 | Build | Outpost |
| 24:04 | Create | Villager (Male) |
| 24:14 | Build | Town Center |
| 24:19 | Create | Villager (Male) |
| 24:26 | Build | Outpost |
| 24:40 | Create | Villager (Male) |
| 24:48 | Build | Farm |
| 25:22 | Create | Villager (Male) |
| 25:38 | Create | Villager (Male) |
| 25:40 | Build | Town Center |
| 25:44 | Create | Villager (Male) |
| 26:28 | Create | Villager (Male) |
| 26:38 | Create | Mangonel |
| 26:48 | Build | Gate |
| 26:53 | Create | Villager (Male) |
| 26:54 | Build | Monastery |
| 27:10 | Create | Villager (Male) |
| 27:15 | Create | Villager (Male) |
| 27:24 | Create | Villager (Male) |
| 27:25 | Build | Stone Wall |
| 27:35 | Create | Villager (Male) |
| 27:40 | Create | Monk |
| 27:41 | Build | Outpost |
| 28:07 | Create | Battering Ram |
| 28:13 | Build | House |
| 28:18 | Build | Town Center |
| 28:20 | Create | Mangonel |
| 28:22 | Create | Villager (Male) |
| 28:25 | Create | Villager (Male) |
| 28:28 | Build | Farm |
| 28:28 | Build | Farm |
| 28:29 | Build | Farm |
| 28:30 | Build | Farm |
| 28:31 | Build | Farm |
| 28:33 | Create | Villager (Male) |
| 28:54 | Build | Farm |
| 28:55 | Build | Farm |
| 28:56 | Build | Farm |
| 29:13 | Create | Villager (Male) |
| 29:19 | Create | Mangonel |
| 29:21 | Create | Villager (Male) |
| 29:23 | Create | Monk |
| 29:25 | Create | Villager (Male) |
| 29:38 | Create | Villager (Male) |
| 29:52 | Create | Villager (Male) |
| 29:57 | Build | Farm |
| 30:00 | Research | Double-Bit Axe |
| 30:06 | Research | Horse Collar |
| 30:06 | Research | Horse Collar |
| 30:19 | Build | Lumber Camp |
| 30:19 | Create | Villager (Male) |
| 30:37 | Build | Mining Camp |
| 30:45 | Build | Farm |
| 30:45 | Build | Farm |
| 30:45 | Build | Farm |
| 30:46 | Build | Farm |
| 30:46 | Build | Farm |
Match timeline
| 0:45 | 36 · wall_segment Palisade Wall x15 |
| 1:01 | sidewire · wall_segment Palisade Wall x3 |
| 1:35 | sidewire · wall_segment Palisade Wall x3 |
| 1:37 | Bourne2Believe · wall_segment Palisade Wall x5 |
| 1:55 | Bourne2Believe · wall_segment Palisade Wall x7 |
| 1:57 | 36 · wall_segment Palisade Wall x1 |
| 1:58 | 36 · wall_segment Palisade Wall x1 |
| 2:04 | 36 · wall_segment Palisade Wall x1 |
| 2:04 | 36 · wall_segment Palisade Wall x1 |
| 2:14 | 36 · wall_segment Palisade Wall x1 |
| 2:21 | 36 · wall_segment Palisade Wall x1 |
| 2:26 | 36 · wall_segment Palisade Wall x1 |
| 2:30 | 36 · wall_segment Palisade Wall x1 |
| 2:35 | 36 · wall_segment Palisade Wall x1 |
| 3:08 | ceepki · wall_segment Palisade Wall x9 |
| 3:51 | sidewire · wall_segment Palisade Wall x1 |
| 3:53 | sidewire · wall_segment Palisade Wall x1 |
| 3:55 | CorsoLa · first_building Dock |
| 3:58 | sidewire · wall_segment Palisade Wall x1 |
| 3:59 | sidewire · wall_segment Palisade Wall x1 |
| 4:01 | sidewire · wall_segment Palisade Wall x1 |
| 4:03 | 36 · wall_segment Palisade Wall x1 |
| 4:03 | sidewire · wall_segment Palisade Wall x1 |
| 4:09 | sidewire · wall_segment Palisade Wall x1 |
| 4:12 | sidewire · wall_segment Palisade Wall x1 |
| 4:13 | 36 · wall_segment Palisade Wall x1 |
| 4:15 | 36 · wall_segment Palisade Wall x1 |
| 4:16 | 36 · wall_segment Palisade Wall x1 |
| 4:20 | ceepki · wall_segment Palisade Wall x1 |
| 4:23 | ceepki · wall_segment Palisade Wall x1 |
| 4:28 | 36 · wall_segment Palisade Wall x1 |
| 4:46 | 36 · wall_segment Palisade Wall x1 |
| 4:49 | ceepki · wall_segment Palisade Wall x1 |
| 4:51 | 36 · wall_segment Palisade Wall x1 |
| 4:52 | 36 · wall_segment Palisade Wall x1 |
| 4:52 | ceepki · wall_segment Palisade Wall x1 |
| 4:54 | 36 · wall_segment Palisade Wall x1 |
| 4:56 | sidewire · wall_segment Palisade Wall x1 |
| 5:40 | 36 · wall_segment Palisade Wall x1 |
| 5:58 | 36 · wall_segment Palisade Wall x7 |
| 5:59 | 36 · wall_segment Palisade Wall x1 |
| 6:33 | Bourne2Believe · wall_segment Palisade Wall x1 |
| 6:42 | ceepki · wall_segment Palisade Wall x1 |
| 6:49 | noah!!!!!!!!!! · wall_segment Palisade Wall x1 |
| 6:50 | noah!!!!!!!!!! · wall_segment Palisade Wall x1 |
| 6:58 | lion_ · wall_segment Palisade Wall x6 |
| 7:02 | sidewire · wall_segment Palisade Wall x1 |
| 7:14 | sidewire · wall_segment Palisade Wall x1 |
| 7:16 | sidewire · wall_segment Palisade Wall x2 |
| 7:16 | sidewire · wall_segment Palisade Wall x1 |
| 7:35 | sidewire · wall_segment Palisade Wall x5 |
| 7:44 | Yakul · wall_segment Palisade Wall x1 |
| 7:49 | Yakul · wall_segment Palisade Wall x1 |
| 7:52 | Yakul · wall_segment Palisade Wall x1 |
| 7:59 | sidewire · wall_segment Palisade Wall x12 |
| 8:01 | Bourne2Believe · first_building Barracks |
| 8:01 | Yakul · wall_segment Palisade Wall x1 |
| 8:09 | Yakul · wall_segment Palisade Wall x1 |
| 8:35 | sidewire · wall_segment Palisade Wall x1 |
| 8:36 | sidewire · wall_segment Palisade Wall x1 |
| 8:37 | sidewire · wall_segment Palisade Wall x1 |
| 9:23 | Bourne2Believe · age_up feudal |
| 9:27 | Bourne2Believe · first_building Archery Range |
| 9:30 | ceepki · wall_segment Palisade Wall x7 |
| 9:37 | ceepki · wall_segment Palisade Wall x10 |
| 10:12 | 36 · first_building Barracks |
| 10:46 | noah!!!!!!!!!! · first_building Barracks |
| 10:55 | noah!!!!!!!!!! · age_up feudal |
| 11:09 | lion_ · age_up feudal |
| 11:21 | CorsoLa · age_up feudal |
| 11:23 | Yakul · age_up feudal |
| 11:31 | noah!!!!!!!!!! · first_building Archery Range |
| 11:34 | CorsoLa · wall_segment Palisade Wall x1 |
| 11:35 | CorsoLa · wall_segment Palisade Wall x1 |
| 11:39 | 36 · age_up feudal |
| 11:42 | 36 · first_building Stable |
| 12:19 | CorsoLa · wall_segment Palisade Wall x1 |
| 12:48 | sidewire · age_up feudal |
| 13:23 | Bourne2Believe · wall_segment Stone Wall x16 |
| 13:38 | ceepki · age_up feudal |
| 14:11 | lion_ · first_market_sell 100 stone |
| 14:51 | noah!!!!!!!!!! · age_up castle |
| 14:53 | Yakul · age_up castle |
| 14:54 | noah!!!!!!!!!! · first_building Monastery |
| 14:55 | CorsoLa · age_up castle |
| 14:57 | sidewire · wall_segment Stone Wall x7 |
| 15:07 | Yakul · first_building Castle |
| 15:16 | 36 · age_up castle |
| 15:18 | 36 · first_building Siege Workshop |
| 15:35 | CorsoLa · first_market_buy 100 wood |
| 15:44 | Yakul · first_market_buy 100 wood |
| 15:46 | Yakul · first_building Siege Workshop |
| 16:07 | Yakul · first_market_sell 100 food |
| 16:26 | sidewire · age_up castle |
| 16:33 | ceepki · wall_segment Stone Wall x8 |
| 16:45 | lion_ · wall_segment Palisade Wall x1 |
| 17:11 | ceepki · age_up castle |
| 17:15 | lion_ · age_up castle |
| 17:18 | lion_ · first_building Castle |
| 17:34 | lion_ · wall_segment Palisade Wall x1 |
| 17:37 | lion_ · wall_segment Palisade Wall x1 |
| 17:38 | lion_ · wall_segment Palisade Wall x1 |
| 17:39 | lion_ · wall_segment Palisade Wall x1 |
| 17:50 | ceepki · first_market_sell 100 wood |
| 18:19 | Bourne2Believe · first_market_sell 100 wood |
| 18:21 | Bourne2Believe · first_market_buy 100 food |
| 18:21 | Yakul · wall_segment Stone Wall x7 |
| 18:42 | Yakul · wall_segment Stone Wall x1 |
| 18:46 | lion_ · first_market_buy 100 food |
| 18:48 | Yakul · wall_segment Stone Wall x3 |
| 19:02 | ceepki · first_building Siege Workshop |
| 20:17 | Yakul · wall_segment Stone Wall x1 |
| 20:28 | CorsoLa · first_building Monastery |
| 20:28 | Yakul · wall_segment Stone Wall x1 |
| 20:58 | Yakul · wall_segment Stone Wall x3 |
| 21:18 | sidewire · first_market_buy 100 stone |
| 21:23 | Bourne2Believe · age_up castle |
| 22:08 | Bourne2Believe · wall_segment Palisade Wall x1 |
| 22:09 | Bourne2Believe · wall_segment Palisade Wall x1 |
| 22:10 | Bourne2Believe · wall_segment Palisade Wall x1 |
| 22:34 | Yakul · wall_segment Stone Wall x1 |
| 22:38 | Yakul · wall_segment Stone Wall x1 |
| 22:40 | Yakul · wall_segment Stone Wall x1 |
| 22:43 | Bourne2Believe · first_building Siege Workshop |
| 23:16 | Yakul · wall_segment Stone Wall x9 |
| 23:18 | CorsoLa · first_building Siege Workshop |
| 23:32 | noah!!!!!!!!!! · first_building Stable |
| 23:35 | CorsoLa · first_market_sell 100 food |
| 23:55 | sidewire · first_building Monastery |
| 24:12 | ceepki · first_market_buy 100 stone |
| 26:00 | sidewire · wall_segment Stone Wall x5 |
| 26:07 | sidewire · wall_segment Stone Wall x3 |
| 26:25 | Bourne2Believe · wall_segment Palisade Wall x1 |
| 26:27 | Bourne2Believe · wall_segment Palisade Wall x1 |
| 26:36 | sidewire · first_building Barracks |
| 26:43 | CorsoLa · first_building Castle |
| 26:44 | Bourne2Believe · first_building Monastery |
| 26:54 | ceepki · first_building Monastery |
| 26:54 | CorsoLa · age_up imperial |
| 27:21 | CorsoLa · first_building Barracks |
| 27:25 | ceepki · wall_segment Stone Wall x1 |
| 28:34 | Bourne2Believe · first_building Dock |
| 28:45 | sidewire · first_market_sell 100 wood |
| 29:07 | 36 · wall_segment Stone Wall x19 |
| 29:13 | sidewire · first_building Castle |
| 29:30 | 36 · wall_segment Stone Wall x4 |
| 29:31 | 36 · wall_segment Stone Wall x1 |
| 29:32 | 36 · wall_segment Stone Wall x1 |
| 29:39 | 36 · wall_segment Stone Wall x11 |
| 29:52 | 36 · wall_segment Stone Wall x1 |
| 30:10 | noah!!!!!!!!!! · first_building Castle |
| 30:21 | 36 · wall_segment Stone Wall x5 |
| 30:30 | Bourne2Believe · wall_segment Stone Wall x15 |
| 30:36 | sidewire · age_up imperial |
| 30:46 | 36 · first_market_buy 100 wood |
| 30:47 | 36 · age_up imperial |
| 31:02 | CorsoLa · first_building Archery Range |
| 31:11 | noah!!!!!!!!!! · first_building Siege Workshop |
| 31:22 | 36 · wall_segment Stone Wall x1 |
| 31:28 | CorsoLa · wall_segment Stone Wall x3 |
| 31:33 | noah!!!!!!!!!! · age_up imperial |
| 31:34 | CorsoLa · wall_segment Stone Wall x1 |
| 31:39 | 36 · wall_segment Stone Wall x7 |
| 31:50 | 36 · wall_segment Stone Wall x11 |
| 32:02 | Bourne2Believe · wall_segment Stone Wall x6 |
| 32:06 | 36 · wall_segment Stone Wall x1 |
| 32:06 | Bourne2Believe · wall_segment Stone Wall x14 |
| 32:15 | 36 · wall_segment Stone Wall x6 |
| 32:17 | Yakul · first_building Monastery |
| 32:18 | 36 · wall_segment Stone Wall x5 |
| 32:20 | 36 · wall_segment Stone Wall x2 |
| 32:22 | 36 · wall_segment Stone Wall x5 |
| 32:27 | 36 · wall_segment Stone Wall x1 |
| 32:28 | 36 · wall_segment Stone Wall x1 |
| 32:29 | 36 · wall_segment Stone Wall x1 |
| 32:44 | Yakul · first_building Barracks |
| 32:45 | Bourne2Believe · wall_segment Palisade Wall x1 |
| 32:47 | Bourne2Believe · wall_segment Palisade Wall x1 |
| 32:48 | sidewire · first_building Siege Workshop |
| 32:48 | Bourne2Believe · wall_segment Palisade Wall x1 |
| 32:50 | 36 · wall_segment Stone Wall x1 |
| 32:55 | Yakul · wall_segment Stone Wall x9 |
| 32:55 | 36 · wall_segment Stone Wall x11 |
| 32:55 | Bourne2Believe · wall_segment Stone Wall x8 |
| 33:02 | 36 · wall_segment Stone Wall x11 |
| 33:04 | sidewire · wall_segment Palisade Wall x1 |
| 33:08 | CorsoLa · tribute_sent a jugador 2 |
| 33:08 | CorsoLa · tribute_sent a jugador 3 |
| 33:08 | CorsoLa · tribute_sent a jugador 4 |
| 33:08 | CorsoLa · tribute_sent a jugador 5 |
| 33:08 | CorsoLa · tribute_sent a jugador 6 |
| 33:08 | CorsoLa · tribute_sent a jugador 7 |
| 33:08 | CorsoLa · tribute_sent a jugador 8 |
| 33:20 | 36 · wall_segment Stone Wall x6 |
| 33:22 | Yakul · first_building Archery Range |
| 33:24 | 36 · wall_segment Stone Wall x4 |
| 33:26 | 36 · wall_segment Stone Wall x1 |
| 33:35 | 36 · first_building Archery Range |
| 33:38 | Yakul · wall_segment Stone Wall x7 |
| 33:43 | 36 · wall_segment Stone Wall x4 |
| 33:44 | Yakul · wall_segment Stone Wall x1 |
| 34:09 | Yakul · wall_segment Stone Wall x3 |
| 34:15 | noah!!!!!!!!!! · tribute_sent a jugador 1 |
| 34:15 | noah!!!!!!!!!! · tribute_sent a jugador 2 |
| 34:15 | noah!!!!!!!!!! · tribute_sent a jugador 3 |
| 34:15 | noah!!!!!!!!!! · tribute_sent a jugador 4 |
| 34:15 | noah!!!!!!!!!! · tribute_sent a jugador 6 |
| 34:15 | noah!!!!!!!!!! · tribute_sent a jugador 7 |
| 34:15 | noah!!!!!!!!!! · tribute_sent a jugador 8 |
| 34:22 | 36 · first_market_sell 100 food |
| 34:45 | 36 · wall_segment Stone Wall x6 |
| 34:46 | Yakul · age_up imperial |
| 34:48 | 36 · wall_segment Stone Wall x4 |
| 34:52 | 36 · wall_segment Stone Wall x1 |
| 34:52 | ceepki · wall_segment Stone Wall x8 |
| 34:55 | 36 · wall_segment Stone Wall x4 |
| 34:58 | 36 · wall_segment Stone Wall x10 |
| 35:01 | Bourne2Believe · age_up imperial |
| 35:02 | 36 · wall_segment Stone Wall x4 |
| 35:04 | 36 · wall_segment Stone Wall x3 |
| 35:18 | noah!!!!!!!!!! · tribute_sent a jugador 1 |
| 35:18 | noah!!!!!!!!!! · tribute_sent a jugador 2 |
| 35:18 | noah!!!!!!!!!! · tribute_sent a jugador 3 |
| 35:18 | noah!!!!!!!!!! · tribute_sent a jugador 4 |
| 35:18 | noah!!!!!!!!!! · tribute_sent a jugador 6 |
| 35:18 | noah!!!!!!!!!! · tribute_sent a jugador 7 |
| 35:18 | noah!!!!!!!!!! · tribute_sent a jugador 8 |
| 35:24 | 36 · wall_segment Stone Wall x1 |
| 35:31 | noah!!!!!!!!!! · first_market_sell 100 stone |
| 35:31 | 36 · wall_segment Stone Wall x1 |
| 35:33 | 36 · wall_segment Stone Wall x1 |
| 35:35 | 36 · wall_segment Stone Wall x1 |
| 35:36 | ceepki · wall_segment Stone Wall x1 |
| 35:36 | ceepki · wall_segment Stone Wall x1 |
| 35:41 | 36 · wall_segment Stone Wall x1 |
| 35:44 | ceepki · wall_segment Stone Wall x1 |
| 35:46 | Yakul · wall_segment Stone Wall x4 |
| 35:59 | ceepki · wall_segment Stone Wall x3 |
| 36:09 | Yakul · wall_segment Stone Wall x1 |
| 36:11 | Yakul · wall_segment Stone Wall x1 |
| 36:12 | ceepki · first_building Castle |
| 36:18 | 36 · wall_segment Stone Wall x11 |
| 36:21 | CorsoLa · first_building Stable |
| 36:22 | 36 · wall_segment Stone Wall x1 |
| 36:23 | 36 · wall_segment Stone Wall x1 |
| 36:25 | ceepki · wall_segment Stone Wall x1 |
| 36:30 | ceepki · wall_segment Stone Wall x1 |
| 36:34 | 36 · wall_segment Stone Wall x1 |
| 37:08 | CorsoLa · wall_segment Palisade Wall x1 |
| 37:18 | 36 · wall_segment Palisade Wall x1 |
| 37:26 | CorsoLa · tribute_sent a jugador 2 |
| 37:26 | CorsoLa · tribute_sent a jugador 3 |
| 37:26 | CorsoLa · tribute_sent a jugador 4 |
| 37:26 | CorsoLa · tribute_sent a jugador 5 |
| 37:26 | CorsoLa · tribute_sent a jugador 6 |
| 37:26 | CorsoLa · tribute_sent a jugador 7 |
| 37:26 | CorsoLa · tribute_sent a jugador 8 |
| 37:46 | noah!!!!!!!!!! · tribute_sent a jugador 1 |
| 37:46 | noah!!!!!!!!!! · tribute_sent a jugador 2 |
| 37:46 | noah!!!!!!!!!! · tribute_sent a jugador 3 |
| 37:46 | noah!!!!!!!!!! · tribute_sent a jugador 4 |
| 37:46 | noah!!!!!!!!!! · tribute_sent a jugador 6 |
| 37:46 | noah!!!!!!!!!! · tribute_sent a jugador 7 |
| 37:46 | noah!!!!!!!!!! · tribute_sent a jugador 8 |
| 38:02 | noah!!!!!!!!!! · first_market_buy 100 wood |
| 38:02 | Bourne2Believe · resign |
| 38:31 | ceepki · age_up imperial |
| 38:36 | noah!!!!!!!!!! · tribute_sent a jugador 1 |
| 38:36 | noah!!!!!!!!!! · tribute_sent a jugador 2 |
| 38:36 | noah!!!!!!!!!! · tribute_sent a jugador 3 |
| 38:36 | noah!!!!!!!!!! · tribute_sent a jugador 4 |
| 38:36 | noah!!!!!!!!!! · tribute_sent a jugador 6 |
| 38:36 | noah!!!!!!!!!! · tribute_sent a jugador 7 |
| 38:36 | noah!!!!!!!!!! · tribute_sent a jugador 8 |
[ AI ANALYSIS · 1 CREDIT ]
What really happened in this match?
Wolo.gg analyzes every decision: build order, eco, micro, common mistakes by bracket. Personalized analysis on WhatsApp or Discord in 30 seconds.
Civ guide
Hindustanis
Perfil
Jugador #5646670